AoeStats
← FlorCe

Fortress

510839582Analyzed
1v1 RM · 15h ago on Oct 2, 2026· 36m 23s· 2 players
Game mode
Random Map
Map size
Small (3 player)
Population
200
Speed
Normal
Resources
Standard
Victory
Conquest
Starting age
Dark Age
Ending age
Imperial Age
RankedLock teamsTeams togetherTeam positionsShared explorationLock speedFull tech treeHidden civsTurbo modeCheats
Victory
Defeat
🇺🇸 Burgundians · United States
932
+15
🇦🇷 Ethiopians · Argentina
910
-15
FlorCe
1:01 Loom
7:48 Feudal Age
12:34 Castle Age
10:43 Fletching
10:54 Padded Archer Armor
11:01 Double-Bit Axe
12:37 Padded Archer Armor
12:49 Forging
12:43 Scale Mail Armor
19:42 Horse Collar
21:53 Bow Saw
23:12 Crossbowman
24:58 Thumb Ring
31:15 Imperial Age
30:31 Squires
31:55 Arbalester
32:41 Town Watch
33:19 Ballistics
34:51 Murder Holes
Joetrapper
2:30 Double-Bit Axe
3:28 Horse Collar
8:31 Feudal Age
9:46 Bow Saw
10:18 Scale Barding Armor
11:06 Gold Mining
13:41 Castle Age
11:52 Heavy Plow
12:35 Forging
15:37 Two-Man Saw
15:02 Burgundian Vineyards
16:54 Wheelbarrow
18:13 Gold Shaft Mining
20:07 Loom
20:10 Town Watch
21:15 Iron Casting
22:57 Stone Mining
24:26 Hand Cart
25:46 Town Patrol
30:13 Imperial Age
28:54 Fervor
29:27 Stone Shaft Mining
29:34 Chain Barding Armor
31:46 Ballistics
31:08 Treadmill Crane
33:41 Blast Furnace
33:21 Onager
37:18 Chemistry
Connection lost

Rejoining the realm…

Still unreachable

The connection could not be restored.

Session expired

The server has moved on; the page needs a fresh start.